 Dungeon Crawl Stone Soup version 0.17.2-1-ge4368a0 (webtiles) character file.

1902 Goblin1989 the Martial Artist (level 8, -1/52 HPs)
             Began as a Demonspawn Monk on Aug 19, 2016.
             Was an Elder of Makhleb.
             Slain by a wyvern (6 damage)
             ... on level 8 of the Dungeon.
             The game lasted 00:12:40 (5979 turns).

Goblin1989 the Martial Artist (Demonspawn Monk)     Turns: 5979, Time: 00:12:40

Health: -1/52      AC:  7    Str: 13    XL:     8   Next: 94%
Magic:  10/10      EV: 11    Int: 13    God:    Makhleb [****..]
Gold:   277        SH:  6    Dex: 28    Spells: 0 memorised, 7 levels left

rFire  . . .     SeeInvis +       - Unarmed
rCold  + . .     Clarity  .     B - +0 scale mail
rNeg   . . .     SustAt   .     p - +1 buckler
rPois  .         Gourm    .     (no helmet)
rElec  .         Spirit   .     y - +0 cloak of Focus {rCorr Dex+9}
rCorr  +         Warding  .     (no gloves)
rMut   .         Stasis   .     (no boots)
MR     .....                    (no amulet)
Stlth  ++........               m - ring of see invisible
                                o - +1 ring of evasion

@: not resistant to hostile enchantments, unstealthy
A: talons 1, thin skeletal structure 2, blurry vision 1, cold resistance 1,
frail 1, subdued magic 1, MP-powered wands
a: Minor Destruction, Lesser Servant of Makhleb, Major Destruction, Renounce
Religion


You were on level 8 of the Dungeon.
You worshipped Makhleb.
Makhleb was greatly pleased with you.
You were hungry.

You visited 1 branch of the dungeon, and saw 8 of its levels.

You collected 277 gold pieces.

Inventory:

Armour
 p - a +1 buckler (worn)
 y - the +0 cloak of Focus (worn) {rCorr Dex+9}
   (You found it on level 5 of the Dungeon)

   It affects your dexterity (+9).
   It protects you from acid and corrosion.
 B - a +0 scale mail (worn)
Jewellery
 m - a ring of see invisible (right hand)
 o - a +1 ring of evasion (left hand)
Wands
 u - a wand of frost (34)
Scrolls
 a - 2 scrolls of random uselessness
 c - 3 scrolls of enchant armour
 i - 5 scrolls of identify
 j - 2 scrolls of fear
 n - a scroll of remove curse
Potions
 d - a potion of cure mutation {unknown}
 g - a potion of haste {unknown}
 h - a potion of might {unknown}
 k - a potion of resistance {unknown}
 q - 2 potions of brilliance
 r - a potion of invisibility {unknown}
 w - a potion of cancellation
 A - a potion of curing
Comestibles
 b - 6 bread rations
 f - 5 meat rations
 s - a beef jerky
 t - a fruit


   Skills:
 + Level 3.1 Fighting
 + Level 0.3 Armour
 - Level 2.6 Dodging
 - Level 1.7 Stealth
 + Level 0.1 Shields
 * Level 10.9 Unarmed Combat
 - Level 2.7 Invocations


You had 7 spell levels left.
You didn't know any spells.

Dungeon Overview and Level Annotations

Branches:
Dungeon (8/15)             Temple (0/1) D:5
   Lair: D:8-11

Altars:
Dithmenos
Fedhas
Makhleb
Okawaru
Qazlal
Trog
Xom
Yredelemnul
Zin

Shops:
D:5 }

Portals:
Ossuary: D:8


Innate Abilities, Weirdness & Mutations

You have sharp toenails.
You have a moderately thin skeletal structure (Dex +4, Stealth+).
Your flesh is cold resistant.
Scrolls take you a little longer to read.
You are frail (-10% HP).
Your spells are a little easier to cast, but a little less powerful.
You expend magic power (3 MP) to strengthen your wands.


Message History

* * * LOW HITPOINT WARNING * * *
You take 16 damage, and have 9/52 hp.
MASSIVE DAMAGE!!
Drink which item? (? for menu, Esc to quit)
It was a potion of agility.
You feel agile all of a sudden. You block the wyvern's attack.
You closely miss the wyvern. You claw the wyvern, but do no damage.
The wyvern is almost dead.
The wyvern bites you.
* * * LOW HITPOINT WARNING * * *
You take 4 damage, and have 5/52 hp.
Drink which item? (? for menu, Esc to quit)
It was a potion of cancellation.
Your magical effects are unravelling.
Your magical contamination has completely faded away.
You feel magically purged.
You feel a little less agile now. You block the wyvern's attack.
The wyvern bites you.
You die...

####### ####
#.....# ....
#....l#### #+
....
#....#@..#...#
....
#..l##[>.#.>.#
....
#...##...#...#
....
#...###### ###
#### .K.#+#
... ..#. .∩.#
....#. #...#
..K # +#### ..


You could see a wyvern.

Vanquished Creatures
  2 sky beasts
  An ogre (D:7)
  3 centaurs
  2 giant frogs (D:7)
  2 scorpions
  2 crimson imps (D:7)
  A centaur zombie (D:7)
  2 hounds
  2 iguanas
  A giant frog skeleton (D:7)
  An orc priest (D:5)
  5 orc wizards
  2 centaur skeletons
  2 worker ants
  6 adders
  5 adder skeletons (D:4)
  An ooze (D:2)
  3 worms
  5 giant geckos
  24 orcs
  5 giant cockroaches
  7 hobgoblins
  11 jackals
  7 kobolds
  2 quokkas
  6 bats
  6 giant newts
  16 goblins
  A jackal skeleton (D:4)
  5 rats
138 creatures vanquished.

Vanquished Creatures (collateral kills)
  The ghost of Goblin1989 the Cutter, an amateur SpGl of Cheibriados (D:5)
  Edmund (D:6)
  A phantom (D:5)
  2 ogres
  A gnoll shaman (D:5)
  An iguana (D:5)
  6 gnolls (D:5)
  An orc (D:6)
  A giant cockroach (D:5)
15 creatures vanquished.

Grand Total: 153 creatures vanquished

Notes
Turn   | Place    | Note
--------------------------------------------------------------
     0 | D:1      | Goblin1989 the Demonspawn Monk began the quest for the Orb.
     0 | D:1      | Reached XP level 1. HP: 18/18 MP: 1/1
   369 | D:1      | Reached skill level 4 in Unarmed Combat
   430 | D:1      | Gained mutation: You have a somewhat thin skeletal structure (Dex +2, Stealth). [demonic ancestry]
   430 | D:1      | Reached XP level 2. HP: 20/24 MP: 2/2
  1065 | D:2      | Found a stormy altar of Qazlal.
  1066 | D:2      | Found a blossoming altar of Fedhas.
  1075 | D:2      | Found a bloodstained altar of Trog.
  1075 | D:2      | Found a basalt altar of Yredelemnul.
  1077 | D:2      | Found a shadowy altar of Dithmenos.
  1078 | D:2      | Found a burning altar of Makhleb.
  1091 | D:2      | Became a worshipper of Makhleb the Destroyer
  1091 | D:2      | Reached * piety under Makhleb
  1091 | D:2      | Reached ** piety under Makhleb
  1181 | D:2      | Gained mutation: Your flesh is cold resistant. [demonic ancestry]
  1181 | D:2      | Reached XP level 3. HP: 29/29 MP: 3/3
  1444 | D:2      | Reached skill level 5 in Unarmed Combat
  1851 | D:3      | Gained mutation: You have sharp toenails. [demonic ancestry]
  1851 | D:3      | Reached XP level 4. HP: 31/35 MP: 4/4
  2175 | D:3      | Reached *** piety under Makhleb
  2375 | D:3      | Found a faded altar to an unknown god.
  2394 | D:3      | Found an iron altar of Okawaru.
  2445 | D:3      | Reached skill level 1 in Invocations
  2710 | D:3      | Gained mutation: You have a moderately thin skeletal structure (Dex +4, Stealth+). [demonic ancestry]
  2710 | D:3      | Reached XP level 5. HP: 28/41 MP: 4/6
  2796 | D:4      | Noticed an angel
  2798 | D:4      | Found a glowing silver altar of Zin.
  2799 | D:4      | Found a shimmering altar of Xom.
  2834 | D:4      | Reached skill level 6 in Unarmed Combat
  2873 | D:4      | Reached XP level 6. HP: 11/47 MP: 6/8
  3331 | D:4      | Reached **** piety under Makhleb
  3448 | D:4      | Noticed an ogre
  3504 | D:4      | Killed an ogre
  3609 | D:5      | Entered Level 5 of the Dungeon
  3645 | D:5      | Found a staircase to the Ecumenical Temple.
  3692 | D:5      | Reached skill level 7 in Unarmed Combat
  3822 | D:5      | Reached XP level 7. HP: 30/52 MP: 9/9
  3829 | D:5      | Gained mutation: Your spells are a little easier to cast, but a little less powerful. [mutagenic meat]
  3830 | D:5      | Gained mutation: You are frail (-10% HP). [mutagenic meat]
  3831 | D:5      | Gained mutation: You expend magic power (3 MP) to strengthen your wands. [mutagenic meat]
  3832 | D:5      | Gained mutation: Scrolls take you a little longer to read. [mutagenic meat]
  3877 | D:5      | Got a smoking cloak
  3888 | D:5      | Identified the +0 cloak of Focus {rCorr Dex+9} (You found it on level 5 of the Dungeon)
  4114 | D:5      | Found Cuopacon's Gadget Shoppe.
  4172 | D:5      | Reached skill level 8 in Unarmed Combat
  4224 | D:5      | Noticed Goblin1989's ghost (amateur SpGl)
  4234 | D:5      | Killed Goblin1989's ghost
  4530 | D:5      | Reached skill level 9 in Unarmed Combat
  4541 | D:5      | Reached XP level 8. HP: 19/52 MP: 10/10
  4908 | D:6      | Noticed Edmund
  4925 | D:6      | Killed Edmund
  5262 | D:7      | Reached skill level 10 in Unarmed Combat
  5963 | D:8      | Found a sand-covered staircase.
  5979 | D:8      | Slain by a wyvern

Action                   |  1- 3 |  4- 6 |  7- 9 || total
-------------------------+-------+-------+-------++-------
Melee: Unarmed           |   135 |   292 |   175 ||   602
Invok: Lesser Servant of |       |     1 |     6 ||     7
  Use: Potion            |       |     2 |     2 ||     4
       Scroll            |       |       |     8 ||     8
 Stab: Sleeping          |     7 |     6 |     5 ||    18
       Distracted        |       |     2 |     1 ||     3
  Eat: Chunk             |     2 |     8 |     9 ||    19
       Pizza             |       |       |     1 ||     1
